 Dungeon Crawl Stone Soup version 0.29.0-4-gdea44cf6ec (webtiles) character file.

Game seed: 8894529747916615209

253 qw the Chopper (level 6, -1/35 HPs)
             Began as a Tengu Warper on Aug 28, 2022.
             Slain by a scorpion (6 damage)
             ... on level 4 of the Dungeon.
             The game lasted 00:00:20 (3441 turns).

qw the Chopper (Tengu Warper)                       Turns: 3441, Time: 00:00:20

Health: -1/35      AC:  5    Str: 14    XL:     6   Next: 14%
Magic:  10/10      EV: 13    Int: 13    God:
Gold:   223        SH:  0    Dex: 13    Spells: 9/9 levels left

rFire   . . .      SeeInvis .   d - +0 hand axe (spect)
rCold   . . .      Faith    .   (no shield)
rNeg    . . .      Spirit   .   e - +0 ring mail
rPois   .          Reflect  .   (helmet restricted)
rElec   .          Harm     .   (no cloak)
rCorr   .          Rampage  .   (no gloves)
Will    .....                   (boots unavailable)
Stlth   +.........              (no amulet)
HPRegen 0.11/turn               (no ring)
MPRegen 0.12/turn               (no ring)

@: lethally poisoned (-1 -> -5), about to teleport, flying quickly and
evasively, quick
A: beak, talons 3, nimble flight
a: no special abilities


You were on level 4 of the Dungeon.
You visited 1 branch of the dungeon, and saw 4 of its levels.

You collected 223 gold pieces.


Innate Abilities, Weirdness & Mutations

You have a beak for a mouth.
You have claws for feet.
Your magical nature lets you fly swiftly and evasively.


   Skills:
 - Level 2.0 Fighting
 + Level 6.9 Axes
 - Level 1.0 Throwing
 - Level 1.1 Armour
 - Level 2.1 Dodging
 - Level 2.0 Spellcasting
 - Level 2.4 Translocations


You had 9 spell levels left.
You didn't know any spells.
Your spell library contained the following spells:

 Spells                   Type           Power      Damage    Failure   Level
 Blink                    Tloc           14%        N/A       30%         2
 Gell's Gravitas          Tloc           7%         N/A       52%         3
 Lesser Beckoning         Tloc           7%         N/A       52%         3
 Teleport Other           Tloc           7%         N/A       52%         3
 Manifold Assault         Tloc           7%         N/A       99%         5

Inventory:

Hand Weapons
 c - a +0 flail
 d - a +0 spectral hand axe (weapon)
Armour
 e - a +0 ring mail (worn)
Scrolls
 k - 2 scrolls of identify
Potions
 a - a potion of resistance
 b - a potion of lignification {unknown}
 j - a potion of invisibility {unknown}
 m - a potion of ambrosia {unknown}

Dungeon Overview and Level Annotations

Branches:
Dungeon (4/15)
 Temple: D:4-7

Altars:
Gozag
Kikubaaqudgha
Qazlal
Sif Muna
The Shining One


Message History

You now have 210 gold pieces (gained 17).
Found a copper wand.
You now have 223 gold pieces (gained 13).
Found 4 stones.
You see here a staff of conjuration.
A scorpion comes into view.
You hit the scorpion.
The scorpion is moderately wounded.
The scorpion stings you but does no damage.
You barely miss the scorpion. Your peck misses the scorpion.
The scorpion is moderately wounded.
The scorpion stings you.
You barely miss the scorpion.
The scorpion is moderately wounded.
The scorpion stings you.
You closely miss the scorpion. You peck the scorpion.
The scorpion is moderately wounded.
The scorpion stings you.
You are poisoned.
The scorpion poisons you!
You hit the scorpion but do no damage. You claw the scorpion.
The scorpion is heavily wounded.
You feel very sick.
The scorpion stings you but does no damage.
You hit the scorpion.
The scorpion is heavily wounded.
You feel sick. The scorpion stings you.
You barely miss the scorpion.
You claw the scorpion, but do no damage.
Your peck misses the scorpion.
The scorpion is heavily wounded.
You feel sick. The scorpion stings you.
You hit the scorpion.
The scorpion is severely wounded.
You feel sick. The scorpion closely misses you. The scorpion stings you.
3441 ||| READING scroll of teleportation.
As you read the scroll of teleportation, it crumbles to dust.
You feel strangely unstable.
You feel sick. The scorpion stings you.
You die...

###############.
#....s@.........
#
...######....####
... #....# ...
###..### ..##
#.....# #.##
#.....# ##.##
#|....# #....
####.....# #..##
#....../.# #....


You could see a scorpion.

Vanquished Creatures
  2 iguanas (D:4)
  2 orc wizards (D:3)
  3 gnolls (D:3)
  5 adders
  3 worms
  3 dart slugs (D:1)
  2 bats
  7 endoplasms
  6 giant cockroaches
  5 hobgoblins
  5 quokkas
  8 ball pythons
  3 frilled lizards
  6 goblins
  6 kobolds
  5 rats
71 creatures vanquished.

Vanquished Creatures (others)
  4 plants (D:2)
4 creatures vanquished.

Grand Total: 75 creatures vanquished

Notes
Turn   | Place    | Note
-------+----------+-------------------------------------------
     0 | D:1      | qw the Tengu Warper began the quest for the Orb.
     0 | D:1      | Reached XP level 1. HP: 12/12 MP: 4/4
     0 | D:1      | 0 ||| qw: Version: 0.1-a-89-g26bdef1
     0 | D:1      | 0 ||| qw: Game counter: 3277
     0 | D:1      | 0 ||| qw: Always use a shield: true
     0 | D:1      | 0 ||| qw: God list: Okawaru
     0 | D:1      | 0 ||| qw: Allow faded altars: false
     0 | D:1      | 0 ||| qw: Do Orc after D:15 true
     0 | D:1      | 0 ||| qw: Do second Lair branch before Depths: true
     0 | D:1      | 0 ||| qw: Lair rune preference: random
     0 | D:1      | 0 ||| qw: Plans: Normal
     0 | D:1      | 0 ||| PLANNING D:1-11
   132 | D:1      | 132 ||| Stepping ~*~*~tactically~*~*~ (hiding).
   253 | D:1      | Reached XP level 2. HP: 11/17 MP: 6/6
   369 | D:1      | Reached skill level 3 in Axes
  1294 | D:1      | Reached XP level 3. HP: 21/21 MP: 7/7
  1329 | D:1      | 1329 ||| UPGRADING to +0 ring mail.
  1339 | D:1      | 1339 ||| DROPPING +0 leather armour.
  1340 | D:1      | 1340 ||| READING scroll labelled MEFAPS SALIA.
  1341 | D:1      | 1341 ||| READING scroll labelled HUC DUWUXAKK.
  1346 | D:1      | 1346 ||| READING 2 scrolls labelled GOLOUM ETTU.
  1347 | D:1      | 1347 ||| READING scroll labelled YPLERPH NUIBB.
  1348 | D:1      | 1348 ||| READING scroll labelled KOXURASAEM.
  1349 | D:1      | 1349 ||| DROPPING scroll of blinking.
  1374 | D:2      | 1374 ||| Stepping ~*~*~tactically~*~*~ (stealth).
  1377 | D:2      | 1377 ||| Stepping ~*~*~tactically~*~*~ (stealth).
  1379 | D:2      | 1379 ||| Stepping ~*~*~tactically~*~*~ (stealth).
  1399 | D:2      | Reached skill level 4 in Axes
  1739 | D:2      | Reached XP level 4. HP: 26/26 MP: 8/8
  2372 | D:2      | Found an ancient bone altar of Kikubaaqudgha.
  2385 | D:2      | 2385 ||| Stepping ~*~*~tactically~*~*~ (stealth).
  2428 | D:2      | Reached skill level 5 in Axes
  2575 | D:2      | Found a faded altar of an unknown god.
  2656 | D:2      | 2656 ||| DRINKING 2 pink potions.
  2657 | D:2      | 2657 ||| DRINKING 2 bubbling red potions.
  2658 | D:2      | 2658 ||| READING 2 scrolls of identify.
  2658 | D:2      | 2658 ||| IDENTIFYING glowing grey potion
  2659 | D:2      | 2659 ||| DROPPING potion of attraction.
  2793 | D:3      | Found a stormy altar of Qazlal.
  2803 | D:3      | 2803 ||| Stepping ~*~*~tactically~*~*~ (hiding).
  2818 | D:3      | HP: 6/26 [gnoll/+0 spear (4)]
  2819 | D:3      | 2819 ||| DRINKING potion of heal wounds.
  2821 | D:3      | Gained mutation: Your magical nature lets you fly swiftly
                  | and evasively. [Tengu growth]
  2821 | D:3      | Reached XP level 5. HP: 30/30 MP: 9/9
  2836 | D:3      | 2836 ||| DROPPING +0 whip.
  3015 | D:3      | Found a shimmering blue altar of Sif Muna.
  3031 | D:3      | 3031 ||| DRINKING potion of curing.
  3031 | D:3      | 3031 ||| (to cure confusion)
  3035 | D:3      | Reached skill level 6 in Axes
  3117 | D:3      | Found an opulent altar of Gozag.
  3127 | D:3      | Found a glowing golden altar of the Shining One.
  3128 | D:3      | 3128 ||| READING scroll labelled VEWEYMOTUSK.
  3129 | D:3      | 3129 ||| READING 2 scrolls of identify.
  3129 | D:3      | 3129 ||| IDENTIFYING sapphire potion
  3298 | D:4      | Reached XP level 6. HP: 35/35 MP: 10/10
  3440 | D:4      | HP: 6/35 [scorpion (3)]
  3441 | D:4      | 3441 ||| READING scroll of teleportation.
  3441 | D:4      | Slain by a scorpion

Levels and vault maps discovered:
D:1:      dpeg_arrival_leaves_temple_mockup, layout_basic,
          minmay_misc_feat_roman
D:2:      minmay_angry_zag, layout_basic, chequers_ecumenical_altar_lobes,
          minmay_hexomino_r4
D:3:      layout_rooms, mainiacjoe_overflow_swirl, led_sif_book,
          mainiacjoe_overflow_brackets
D:4:      layout_rooms, serial_park_tiny_2

Skill      XL: |  1  2  3  4  5 |
---------------+----------------+-----
Axes           | 3 4 5 6 |  6.9
Fighting       | |  2.0
Throwing       | |  1.0
Armour         | |  1.1
Dodging        | |  2.1
Spellcasting   | |  2.0
Translocations | |  2.4

Action                   |  1- 3 |  4- 6 || total
-------------------------+-------+-------++-------
Melee: Hand axe          |    63 |    70 ||   133
       Kick              |    12 |    22 ||    34
       Peck              |    12 |    13 ||    25
       Punch             |       |     1 ||     1
Throw: Boomerang         |     7 |       ||     7
  Use: Scroll            |     5 |     4 ||     9
       Potion            |       |     4 ||     4
 Stab: Distracted        |       |     1 ||     1
Armor: Leather armour    |     6 |       ||     6
       Ring mail         |       |    13 ||    13
Dodge: Dodged            |    25 |    25 ||    50

Table legend:
 A = Non-vault XP
 B = Vault XP
 C = Vault XP percentage of total XP
 D = Non-vault monster count
 E = Vault monster count
 F = Vault count percentage of total count
                 A         B        C        D         E       F
            +---------+---------+-------+---------+---------+-------
      Total |     282 |      80 |  22.1 |      62 |       9 |  12.7
            +---------+---------+-------+---------+---------+-------
        D:1 |      39 |       0 |   0.0 |      22 |       0 |   0.0
        D:2 |      75 |      10 |  11.8 |      20 |       7 |  25.9
        D:3 |      59 |      70 |  54.3 |      11 |       2 |  15.4
        D:4 |     109 |       0 |   0.0 |       9 |       0 |   0.0
            +---------+---------+-------+---------+---------+-------
